[Event "1st Serbian League 2022"]
[Site "Vrnjacka Banja"]
[Date "2022.09.21"]
[Round "2.10"]
[White "Stankovic, Boris"]
[Black "Roganovic, Milos"]
[Result "0-1"]
[ECO "B76"]
[WhiteElo "2208"]
[BlackElo "2487"]
[Annotator "TA"]
[PlyCount "90"]
[EventDate "2022.09.20"]
[EventType "team-tourn"]
[EventCountry "SRB"]
[SourceTitle "playchess.com"]
[Source "ChessBase"]
[SourceQuality "1"]
[TimeControl "40/5400+30:1800+30"]

1. e4 c5 2. Nf3 d6 3. d4 cxd4 4. Nxd4 Nf6 5. Nc3 g6 6. Be3 Bg7 7. f3 Nc6 8. Qd2 O-O 9. O-O-O d5 10. Kb1 Rb8 (10... Nxd4 $11 11. Bxd4 dxe4) 11. Ndb5 $16 {[%emt 0:34:47][%cal Re4d5] B76: Sicilian Dragon: Yugoslav Attack, 9 g4 and 9 0-0-0.} a6 12. exd5 (12. Na7 $14) 12... axb5 $11 13. dxc6 {[%emt 0:00:13] The position is equal.} Qxd2 {[%emt 0:00:12] [#]} 14. Rxd2 $146 (14. Bxd2 $5 bxc6 15. Bd3 $11) ({Predecessor:} 14. Bxd2 bxc6 15. Re1 Be6 16. Bd3 Rfd8 17. Re2 Nd7 18. Ne4 Ra8 19. a3 Ne5 {½-½ (19) Kulashko,A (2390)-Rice,M (2190) IECG email 1997}) 14... bxc6 15. a3 Be6 16. Bc5 Rfe8 17. Ne4 Nd5 18. g3 b4 19. axb4 Nxb4 20. Bd4 (20. c3 $142 Nd5 21. Kc2) 20... Bh6 $1 $17 {[%emt 0:02:45] ...f5 is the strong threat.} 21. f4 {[%emt 0:01:21] [#]} Ba2+ $1 22. Kc1 Bd5 $36 {[%emt 0:00:42][%mdl 2048] White is under strong pressure.} 23. Bg2 {[%emt 0:01:47] [#]} Ra8 ({Better is} 23... f5 $1 24. Nc3 Bxg2 25. Rxg2 e5) 24. b3 $2 {[%emt 0:00:46] This move loses the game for White.} (24. Kb1 $17) 24... f5 25. Nc5 (25. Ng5 Bxg2 26. Rxg2) 25... Bxg2 (25... e5 $142 26. Bxd5+ cxd5) 26. Rxg2 $19 e5 $1 27. Bc3 (27. Bb2) 27... Nd5 28. Kb2 Bf8 29. Na4 {[%emt 0:00:40] [#]} Rxa4 $1 30. bxa4 Rb8+ {[%emt 0:00:08][%mdl 64] Deflection} 31. Kc1 Nxc3 32. Kd2 Nxa4 ({Avoid the trap} 32... Ne4+ $2 33. Ke2 $19) 33. fxe5 Rd8+ 34. Ke3 Rd5 35. Kf3 Rxe5 36. Re2 Rxe2 37. Kxe2 Nc3+ 38. Kd3 $2 (38. Kf3) 38... Ne4 {[%emt 0:00:11] And now ...Nf2+ would win. Black is clearly winning.} 39. Ra1 Kf7 40. Ra7+ Be7 41. Rc7 c5 42. Rc6 h5 43. Ke3 Nf6 {[%emt 0:01:50] White must now prevent ...Ng4+.} 44. h3 {[%emt 0:00:45] Prevents Ng4+.} Nd5+ 45. Kf2 Nb4 {[%emt 0:00:09][%csl LRc2,LRc6] Weighted Error Value: White=0.42/Black=0.16 (very precise)} 0-1

[Event "1st Serbian League 2022"]
[Site "Vrnjacka Banja"]
[Date "2022.09.21"]
[Round "2.11"]
[White "Zajic, Milan"]
[Black "Radojicic, Aleksandar M"]
[Result "1-0"]
[ECO "B42"]
[WhiteElo "2402"]
[BlackElo "2192"]
[Annotator "TA"]
[PlyCount "45"]
[EventDate "2022.09.20"]
[EventType "team-tourn"]
[EventCountry "SRB"]
[SourceTitle "playchess.com"]
[Source "ChessBase"]
[SourceQuality "1"]
[TimeControl "40/5400+30:1800+30"]

1. e4 c5 2. Nf3 e6 3. d4 cxd4 4. Nxd4 a6 5. Bd3 Nf6 6. O-O Qc7 7. Qe2 Bd6 8. f4 {[%emt 0:00:17][%cal Bf2f4,Bf4f5][%mdl 32] B42: Sicilian: Kan Variation: 5 Bd3.} Bc5 9. c3 Nc6 10. Kh1 {[%emt 0:00:10] [#] The position is equal.} Bxd4 $146 (10... Nxd4 $11 11. cxd4 Bxd4) ({Predecessor:} 10... Nxd4 11. cxd4 Bxd4 12. Nd2 d5 13. e5 Nd7 14. Nf3 Ba7 15. Bd2 g6 16. Rac1 Qb6 17. b4 Nb8 18. Rxc8+ Kd7 19. Rxh8 {1-0 (19) Vasquez Schroder,R (2441)-Aldokhin,I (2413) Chess.com INT 2020}) 11. cxd4 $16 d5 12. exd5 (12. e5 $5 Ng8 13. Nc3 $16) 12... Nxd5 13. f5 e5 $2 {[%emt 0:25:51] This costs Black the game.} ({But not} 13... Nxd4 14. Qg4 Qe5 15. Nc3 $16) (13... O-O $1 $11) 14. Nc3 $18 Ndb4 15. dxe5 Nxd3 16. Qxd3 {[%emt 0:03:06] [#] Strongly threatening Qg3.} Nxe5 $2 (16... O-O 17. Bf4 Qd7 18. Qxd7 Bxd7) 17. Nd5 Qd6 18. Qb3 O-O 19. Nb6 Rb8 20. Bf4 Qc5 $2 {[%emt 0:00:34] [#]} (20... Bxf5 21. Nc4 Qd5) 21. Rac1 {[%emt 0:00:58] White is clearly winning.} Qd4 22. Rcd1 ({Weaker is} 22. Nxc8 Rbxc8 23. Rcd1 Qc5 $16) 22... Qc5 23. Rd5 {[%emt 0:00:31] Weighted Error Value: White=0.36/Black=0.82} 1-0

[Event "1st Serbian League 2022"]
[Site "Vrnjacka Banja"]
[Date "2022.09.21"]
[Round "2.12"]
[White "Velikic, Adela"]
[Black "Stankovic, Milos"]
[Result "1/2-1/2"]
[ECO "D35"]
[WhiteElo "2272"]
[BlackElo "2439"]
[Annotator "TA"]
[PlyCount "173"]
[EventDate "2022.09.20"]
[EventType "team-tourn"]
[EventCountry "SRB"]
[SourceTitle "playchess.com"]
[Source "ChessBase"]
[SourceQuality "1"]
[TimeControl "40/5400+30:1800+30"]

1. c4 e6 2. Nc3 d5 3. d4 Nf6 4. cxd5 exd5 5. Bg5 Be7 6. e3 O-O 7. Bd3 Re8 8. Nf3 {[%emt 0:00:31] D35: Queen's Gambit Declined: Exchange Variation.} h6 $1 {[%emt 0:01:03][%mdl 4] is more profitable than 8...Nbd7 at the moment.} 9. Bf4 Bd6 10. Bxd6 {[%emt 0:00:29] White is slightly better.} Qxd6 11. h3 (11. Rc1 $5 ) 11... a6 12. O-O Nbd7 13. Rc1 c5 14. dxc5 Nxc5 15. Bb1 {[%emt 0:01:03] [#]} Bd7 $146 ({Predecessor:} 15... Rd8 16. Nd4 Nce4 17. Nxe4 dxe4 18. Qb3 Qe5 19. Qb6 Re8 20. Rc5 Qe7 {1-0 (33) Yakubboev,N (2630)-Mohammed,D (2041) Sharjah 2022}) 16. Qd4 Ne6 17. Qe5 Qxe5 18. Nxe5 Red8 19. Rfd1 {[%emt 0:06:25] Against d4} Be8 20. Ne2 {[%emt 0:05:10] Inhibits d4.} Bb5 21. Nd4 Nxd4 22. Rxd4 Rac8 23. Rcd1 Re8 24. Ng4 (24. Bf5 $5 ) 24... Nxg4 25. hxg4 Rc4 26. Kh2 g6 27. Kg3 Bc6 28. a3 Kg7 29. Ba2 Rc2 30. R1d2 Rxd2 31. Rxd2 $11 {[%emt 0:00:04][%mdl 4096] Endgame KRB-KRB} Re5 32. Rd4 Kf6 33. Rd3 Ke7 34. f3 a5 35. Kf2 Kd6 36. b4 axb4 37. axb4 Kc7 38. Rd4 f6 39. Rf4 Re6 40. e4 g5 (40... Kd6 $2 41. exd5 Bxd5 42. Rd4 $18) (40... Bd7 $5 41. exd5 (41. Bxd5 Rd6 $11) 41... Ra6 $14) 41. exd5 Rd6 42. Rd4 (42. Re4 $5 Bxd5 43. Bxd5 Rxd5 44. Re6 $11 (44. Re7+ Kc6 $16)) 42... Bd7 $1 43. Rc4+ Kd8 $1 44. Rc2 Rb6 45. Rb2 $1 Ke7 ({Better is} 45... Kc7 $14) 46. Ke3 (46. Bc4 $16) 46... Ra6 $1 $14 47. Bc4 Ra1 48. Kd4 Kd6 49. Bd3 Rd1 50. Kc3 b6 51. Be4 Rc1+ 52. Kd2 Rg1 53. Kc3 (53. Ke3 $5 ) 53... Rc1+ 54. Kb3 Bb5 {[%emt 0:00:13] [#] ( -> ...Bc4+)} 55. Rd2 Bc4+ 56. Kb2 Rg1 57. Kc3 Rc1+ 58. Kd4 Bb5 (58... b5 $11 {remains equal.}) 59. Rc2 Rd1+ 60. Kc3 $1 Ra1 (60... Re1 $11 {is more appropriate.}) 61. Kb2 (61. g3 $5 ) 61... Ra4 (61... Rg1 $1 $14) 62. Rc8 (62. Kb3 $16) 62... Rxb4+ 63. Kc3 Ra4 64. Rd8+ Ke5 65. Rb8 Rc4+ 66. Kb3 Rd4 ({Black should play} 66... Rc7 $11) 67. Rxb6 (67. Rb7 $14) 67... Bc4+ $11 68. Kc3 {[%emt 0:00:38] [#] Re6+ is the strong threat.} Bxd5 69. Rb5 {[%emt 0:00:30] Strongly threatening Bc2.} Rxe4 70. fxe4 Kxe4 {[%emt 0:00:05] KR-KB} 71. Kd2 Kd4 72. g3 Be6 73. Rb4+ Ke5 74. Ke3 f5 75. Rb5+ Kf6 76. gxf5 Bxf5 77. Rb6+ Kg7 78. Kd4 h5 79. Ke5 Bg4 80. Rb2 Kg6 81. Rf2 Bh3 82. Rf8 {[%emt 0:00:34] And now Rg8+ would win.} Kg7 {[%emt 0:00:00] Against Rg8+} 83. Rf2 Kg6 84. Kd6 Bg4 {[%emt 0:00:00] The position is equal.} 85. Ke7 h4 86. gxh4 gxh4 87. Rh2 {[%emt 0:00:10] Weighted Error Value: White=0.08 (flawless) /Black=0.09 (flawless)} 1/2-1/2

[Event "1st Serbian League 2022"]
[Site "Vrnjacka Banja"]
[Date "2022.09.21"]
[Round "2.13"]
[White "Ioannidis, Evgenios"]
[Black "Sanal, Vahap"]
[Result "1/2-1/2"]
[ECO "D35"]
[WhiteElo "2486"]
[BlackElo "2595"]
[Annotator "TA"]
[PlyCount "80"]
[EventDate "2022.09.20"]
[EventType "team-tourn"]
[EventCountry "SRB"]
[SourceTitle "playchess.com"]
[Source "ChessBase"]
[SourceQuality "1"]
[TimeControl "40/5400+30:1800+30"]

1. c4 e6 2. Nc3 d5 3. d4 Nf6 4. cxd5 exd5 5. Bg5 Bb4 6. Qb3 {[%emt 0:03:21] D35: Queen's Gambit Declined: Exchange Variation.} c5 7. dxc5 Nc6 {[%emt 0:01:54] White must now prevent ...d4.} 8. O-O-O {[%emt 0:00:08][%cal Rc3d5] White has an edge.} Qa5 9. Bxf6 (9. Nxd5 Qxc5+ 10. Qc2 Qxc2+ 11. Kxc2 Bf5+ 12. Kb3 (12. Kc1 $2 Nxd5 13. Rxd5 Be4 $19) 12... Nxd5 13. Rxd5 Be6 $17) 9... gxf6 {[%emt 0:00:06] [#]} 10. a3 $146 ({Not} 10. Qxd5 $2 Bxc3 11. Qd3 (11. bxc3 $2 Qa3+ 12. Kd2 Be6 $19) 11... Nb4 12. Qd8+ Qxd8 $19) (10. Rxd5 Be6 11. e4 Bxc3 12. Qxc3 (12. bxc3 O-O $17) 12... Qxa2 $15) ({Predecessor:} 10. e3 Be6 11. Kb1 O-O-O 12. Nxd5 Bxc5 13. Nf3 Bxe3 14. fxe3 Bxd5 15. Bc4 Bxc4 16. Qxc4 {½-½ (60) Vakhidov,J (2564)-Shankland,S (2720) Chennai 2022}) 10... Bxc3 11. Qxc3 Qxc3+ 12. bxc3 Be6 13. Nh3 Na5 14. Nf4 Nb3+ {[%emt 0:05:44] [#]} (14... Rc8 $11 {keeps the balance.}) 15. Kb2 (15. Kc2 $1 $16 Nxc5 16. f3 (16. Nxd5 O-O-O $11)) 15... Nxc5 $11 16. Nxd5 (16. e3 $142) 16... O-O-O 17. c4 Ne4 18. Rd4 Nxf2 19. Rg1 Ng4 20. e4 {[%emt 0:01:57] The position is equal.} Nxh2 21. Kc3 Ng4 22. Be2 Ne5 23. Nxf6 Rxd4 24. Kxd4 Nc6+ 25. Kc3 Kd8 26. g4 Ke7 27. g5 Rc8 28. Rh1 Ne5 29. Nd5+ Bxd5 30. exd5 {[%emt 0:00:06] Strongly threatening Kd4.} Nxc4 $1 31. Bxc4 {[%emt 0:00:48][%mdl 4096] Endgame KRB-KR} b5 $1 {[%emt 0:00:11][%mdl 64] [#] Pin} 32. Kb4 bxc4 {[%emt 0:01:36] KR-KR} 33. Kc3 Kd6 34. Rxh7 Rc7 35. Rg7 Kxd5 36. g6 Ke6 37. gxf7 Rxf7 38. Rxf7 Kxf7 39. Kxc4 Ke6 40. Kc5 Ke5 {[%emt 0:08:33] Weighted Error Value: White=0.06 (flawless) /Black=0.06 (flawless)} 1/2-1/2

[Event "1st Serbian League 2022"]
[Site "Vrnjacka Banja"]
[Date "2022.09.21"]
[Round "2.14"]
[White "Gurel, Ediz"]
[Black "Damljanovic, Branko"]
[Result "1-0"]
[ECO "B60"]
[WhiteElo "2437"]
[BlackElo "2436"]
[Annotator "TA"]
[PlyCount "97"]
[EventDate "2022.09.20"]
[EventType "team-tourn"]
[EventCountry "SRB"]
[SourceTitle "playchess.com"]
[Source "ChessBase"]
[SourceQuality "1"]
[TimeControl "40/5400+30:1800+30"]

1. e4 c5 2. Nf3 Nc6 3. d4 cxd4 4. Nxd4 Nf6 5. Nc3 d6 6. Bg5 Qb6 7. Nb3 e6 8. Bxf6 gxf6 9. Qd2 Bd7 {[%emt 0:00:18] B60: Sicilian: Richter-Rauzer: Unusual Black 6th moves and 6...Bd7 without 7 Qd2.} 10. O-O-O O-O-O 11. f4 Kb8 {[%emt 0:01:48] White has an edge.} 12. Kb1 Na5 13. Nxa5 Qxa5 14. Bc4 {[%emt 0:00:15] [#]} f5 $146 ({Predecessor:} 14... h5 15. Rhf1 Be7 16. Qd3 Rc8 17. Bb3 h4 18. Qh3 Rc7 19. f5 Qe5 20. Rde1 Rhc8 {0-1 (35) Popovic,D (2500)-Ratkovic,M (2421) Ruma 2020}) 15. exf5 Qxf5 16. Rhe1 Qc5 17. Bb3 d5 {[%emt 0:01:54] Prevents Ne4.} 18. f5 Bd6 19. Qh6 ({Of course not} 19. Ne4 dxe4 20. Qxd6+ Qxd6 21. Rxd6 Kc7 $15) 19... Bc7 20. Qh5 Qf8 (20... d4 $5 21. Qxf7 Bc6 $11) 21. a3 Qg7 22. Rf1 Rhf8 23. Ka2 Bc6 24. Qe2 Qe5 (24... d4 $5 25. fxe6 fxe6 26. Rxf8 (26. Ne4 Qe5 $15) 26... Rxf8 $15) 25. Qxe5 Bxe5 26. Rde1 Bxc3 27. bxc3 Rfe8 28. Rf4 a5 29. Kb2 e5 30. Rh4 f6 31. Rxh7 a4 32. Ba2 e4 33. Rh6 Rd6 (33... Rf8 $14) 34. c4 ({White should play} 34. g4 $16) 34... dxc4 $11 35. Bxc4 Re5 $1 36. g4 $36 {[%emt 0:04:30][%mdl 2048] Hoping for g5. White is more active.} Rc5 $1 37. Ba2 Kc7 38. Re2 {[%emt 0:00:35] Against Rd2} b5 $2 (38... Rd1 $1 $11) 39. Be6 (39. h4 $1 $18 ) 39... Rd4 $2 {[%emt 0:00:13] This move loses the game for Black.} (39... Re5 $16) 40. Rxf6 $18 b4 $2 (40... e3 41. Rxe3 Rxg4) 41. Rf8 bxa3+ 42. Kxa3 Rc3+ 43. Ka2 Rf3 44. f6 (44. g5 $142) 44... Rd6 $2 {[%emt 0:03:54] [#]} (44... Kd6 {is a better defense.} 45. Rd8+ Ke5 46. Rxd4 Kxd4) 45. Rc8+ $1 {[%emt 0:00:00] White is clearly winning.} Kb7 46. f7 Bd5+ {[%emt 0:15:22] [#]} 47. Bxd5+ $1 Kxc8 48. Bc4 Rd4 (48... Rdf6 $142 49. g5 Rxf7 50. Bxf7 Rxf7 51. Rxe4 Rf2) 49. g5 {[%emt 0:00:00] Weighted Error Value: White=0.27 (precise) /Black=0.40} 1-0

[Event "1st Serbian League 2022"]
[Site "Vrnjacka Banja"]
[Date "2022.09.21"]
[Round "2.15"]
[White "Tadic, Branko"]
[Black "Markus, Robert"]
[Result "0-1"]
[ECO "A49"]
[WhiteElo "2455"]
[BlackElo "2615"]
[Annotator "TA"]
[PlyCount "192"]
[EventDate "2022.09.20"]
[EventType "team-tourn"]
[EventCountry "SRB"]
[SourceTitle "playchess.com"]
[Source "ChessBase"]
[SourceQuality "1"]
[TimeControl "40/5400+30:1800+30"]

1. Nf3 Nf6 2. d4 d6 3. g3 g6 4. Bg2 Bg7 5. O-O O-O 6. Nc3 c6 7. e4 Bg4 8. h3 Bxf3 9. Bxf3 Nbd7 10. a4 Qa5 11. Be3 e5 12. d5 cxd5 13. exd5 Rfc8 14. g4 e4 15. Nxe4 (15. Bg2 $14) 15... Nxe4 $15 16. Bxe4 Bxb2 17. Ra2 Bg7 18. Qd2 (18. Qd3 $15) 18... Bc3 $1 $17 19. Qe2 Re8 (19... a6 $142 20. Bg2 b5) 20. Bg2 $17 a6 21. Qc4 Rac8 22. Qb3 Nc5 23. Bxc5 Rxc5 24. Qb5 $2 (24. Qxb7 $17 Bd4 25. Qd7) 24... b6 $4 (24... axb5 $19 25. Rb1 bxa4) 25. Qxb6 $4 (25. Qxe8+ $18 Kg7 26. Qe7) 25... Rc7 $2 (25... Qxb6 $19 26. g5 Bb2) 26. Qb1 (26. Qxa5 $11 Bxa5 27. Bf3) 26... Qc5 ({Black should play} 26... Rc4 $17 27. Qb7 Bd4) 27. a5 $15 Bxa5 (27... Re2 {with more complications.} 28. Bf3 Rd2 29. Qb6 Bd4) 28. c4 Rce7 29. Qd3 Ra8 30. Bf3 Bb6 31. Rb1 Qc7 32. Kg2 Bc5 33. Bd1 Re1 34. Ba4 Rxb1 35. Qxb1 Rb8 36. Qc2 Qe7 37. Qd3 Qf6 38. Qf3 Kg7 39. Qxf6+ Kxf6 40. f4 Rb4 41. g5+ Kg7 42. Bd1 (42. Bd7 $15 {should be considered.}) 42... Rxc4 $17 43. Rxa6 (43. Kf3 $17) 43... Rxf4 $19 44. Bf3 h6 45. gxh6+ Kxh6 46. Ra2 Rb4 47. Re2 Bd4 48. Re4 (48. Rd2 $142) 48... f5 $19 49. Re2 Be5 50. Ra2 Kg5 51. Bd1 Rd4 52. Bf3 Kh4 53. Rc2 $2 (53. Be2) 53... Ra4 (53... Rd3 $142 54. Rf2 Ra3) 54. Be2 Kg5 55. Bd1 (55. Rc4 $142 Ra5 56. h4+ Kh6 57. Kf2) 55... Rb4 $2 ({Better is} 55... Ra1 $19 56. Bf3 Ra4) 56. Be2 $2 (56. Ra2 $1 $11) 56... Rb3 $19 57. Bf3 Ra3 58. Rf2 $2 (58. Kf2) 58... Rd3 $19 59. Rf1 Ra3 60. Rf2 $1 Kf4 61. Bd1+ Ke4 62. Bf3+ Ke3 (62... Kd4 $19 63. h4 Rd3) 63. Bh5 (63. Bd1 $17 Kd4 64. Bf3) 63... Kd4 $19 64. Bf3 g5 65. Re2 (65. Rf1 $142) 65... Bf4 66. Rb2 (66. Rf2 $142) 66... Be3 $19 67. Rc2 $2 (67. Bh5 {keeps fighting.}) 67... Ke5 ({Wrong is} 67... Bf4 $2 68. Re2 $19) 68. Rb2 Bd4 69. Rd2 Ra1 70. Kg3 Be3 71. Rb2 Bf4+ 72. Kg2 (72. Kf2 $142) 72... Ra3 (72... Bc1 $19 {is more deadly.} 73. Re2+ Kf4) 73. Re2+ $17 Kd4 (73... Re3 $17 74. Kf2 Rxe2+ 75. Kxe2 Kd4) 74. Kf2 $2 (74. Rb2 $1 $11) 74... Be3+ $19 75. Kg2 Ke5 76. Rb2 $1 Bd4 77. Rd2 $1 Bc3 78. Rf2 Ra4 79. Re2+ {[%emt 0:00:25] [#]} Kd4 $1 80. Rf2 Rb4 (80... Be1 $19 81. Re2 Ra1) 81. Re2 (81. Bd1 $17) 81... Kd3 $19 82. Ra2 g4 (82... Rb1 $19 {Strongly threatening ...Ke3.} 83. Kg3 Be5+ 84. Kg2 Bd4 85. Ra3+ Bc3) 83. hxg4 $15 fxg4 84. Be2+ Ke3 85. Bd1 Rd4 86. Be2 Kf4 87. Rc2 Ke3 (87... Rd2 $15 88. Rxd2 Bxd2) 88. Kg3 (88. Ra2 $11) 88... Be1+ $17 ({But not} 88... Rxd5 $6 89. Bc4 Be5+ 90. Kxg4 Rd4+ 91. Kf5 $11) 89. Kg2 Bh4 90. Bc4 {[%emt 0:00:45] [#]} (90. Bf1 $17) 90... Bf6 $1 $19 91. Re2+ Kf4 92. Rc2 Be5 93. Ba2 Kg5 94. Bc4 Kh4 95. Kf2 Rd1 96. Be2 $2 (96. Ke2 $19 Rd4 97. Ke3) 96... Bd4+ 0-1

[Event "1st Serbian League 2022"]
[Site "Vrnjacka Banja"]
[Date "2022.09.21"]
[Round "2.16"]
[White "Kovacevic, Aleksandar"]
[Black "Nikolovski, Nikola"]
[Result "1-0"]
[ECO "B76"]
[WhiteElo "2471"]
[BlackElo "2359"]
[Annotator "TA"]
[PlyCount "103"]
[EventDate "2022.09.20"]
[EventType "team-tourn"]
[EventCountry "SRB"]
[SourceTitle "playchess.com"]
[Source "ChessBase"]
[SourceQuality "1"]
[TimeControl "40/5400+30:1800+30"]

1. e4 c5 2. Nf3 d6 3. d4 cxd4 4. Nxd4 Nf6 5. Nc3 g6 6. Be3 Bg7 7. f3 Nc6 8. Qd2 O-O 9. O-O-O d5 10. exd5 Nxd5 11. Nxc6 bxc6 12. Bd4 e5 13. Bc5 Re8 {[%emt 0:01:59] is cutting edge theory.} 14. Ne4 {[%emt 0:01:29] B76: Sicilian Dragon: Yugoslav Attack, 9 g4 and 9 0-0-0.} Qc7 15. h4 f5 16. Nd6 {[%emt 0:02:02] White is better.} Rd8 17. Nxc8 {[%emt 0:00:43] White is much more active.} Raxc8 18. h5 {[%emt 0:00:44] aiming for hxg6.} Nb6 $1 19. Bxb6 Rxd2 20. Bc4+ Kf8 21. Bxc7 {[%emt 0:00:30] A strong pair of Bishops.} Rxd1+ 22. Rxd1 Rxc7 23. hxg6 $14 {[%emt 0:02:21][%mdl 4096] Endgame KRB-KRB} Bh6+ 24. Kb1 hxg6 25. Rd6 Kg7 26. b4 Rb7 {[%emt 0:42:41] [#]} (26... e4 $14) 27. c3 $146 ({Predecessor:} 27. a3 a5 28. Kb2 axb4 29. a4 c5 30. a5 Bf4 31. Re6 {1-0 (43) Adarsh,T (2191)-Bossy,A (2191) Budapest 2021}) 27... a5 28. a3 (28. Rxc6 $6 axb4 29. Kc2 Be3 $11) 28... axb4 29. axb4 (29. cxb4 $142 Rc7 30. Re6) 29... Rc7 30. Kc2 Bf4 31. Re6 Kh6 32. Kb3 {[%emt 0:03:35] Black is now going downhill.} Kg7 {[%emt 0:04:36] [#]} (32... Kg5 $142) 33. g4 $1 e4 (33... Bh2 $16 34. gxf5 gxf5) 34. gxf5 $18 ({And not} 34. fxe4 fxg4 35. e5 g5 $11) 34... gxf5 35. fxe4 fxe4 36. Rxe4 Bg5 (36... Bd6 {is a better defense.} 37. Re6 Bf4) 37. Bf1 Kf7 38. Bg2 c5 $2 (38... Re7 39. Rg4 Bf6) 39. b5 c4+ $2 (39... Rc8 40. Kc4 Rb8) 40. Rxc4 Rxc4 41. Kxc4 {[%emt 0:30:04] KB-KB. White mates.} Bd2 42. Kd4 Ke6 {[%emt 0:02:42] [#]} 43. c4 $1 Be1 44. c5 Bf2+ 45. Kc4 Kd7 46. b6 Kc8 47. Kb5 Kb8 48. c6 Bg3 49. Kc4 Bf4 50. Bh3 Bg3 51. Kd5 Ka8 52. c7 {[%emt 0:00:00] Weighted Error Value: White=0.05 (flawless) /Black=0.34} 1-0

[Event "1st Serbian League 2022"]
[Site "Vrnjacka Banja"]
[Date "2022.09.21"]
[Round "2.17"]
[White "Milenkovic, Mladen"]
[Black "Brenjo, Slavisa"]
[Result "1/2-1/2"]
[ECO "C45"]
[WhiteElo "2379"]
[BlackElo "2409"]
[Annotator "TA"]
[PlyCount "88"]
[EventDate "2022.09.20"]
[EventType "team-tourn"]
[EventCountry "SRB"]
[SourceTitle "playchess.com"]
[Source "ChessBase"]
[SourceQuality "1"]
[TimeControl "40/5400+30:1800+30"]

1. e4 e5 2. Nf3 Nc6 3. d4 exd4 4. Nxd4 Nf6 5. Nxc6 bxc6 6. e5 Qe7 7. Qe2 Nd5 8. c4 Nb6 9. Nc3 Qe6 10. Qe4 d5 {[%emt 0:26:43] C45: Scotch Game.} 11. exd6 $1 Bxd6 12. Bd3 f5 {[%emt 0:02:02] The position is equal.} 13. Qxe6+ Bxe6 14. b3 O-O-O {[%emt 0:05:15] [#] aiming for ...Bb4.} 15. Bb2 Nd7 {[%emt 0:09:41][%cal Bb6d7,Bd7e5,Be5g4,Bg4f2][%mdl 32] [#]} 16. O-O-O $146 ({Predecessor:} 16. O-O Ne5 17. Bc2 Ng4 18. h3 Nf6 19. Rad1 Rhf8 20. Rfe1 Bd7 21. a3 a5 22. Na4 {½-½ (55) Moe,M (2227)-Rostgaard,T (2335) Copenhagen 2017}) 16... Ne5 17. Bc2 {[%emt 0:15:48] Black must now prevent Rhe1.} Ng4 18. Rde1 Bd7 19. h3 Nxf2 20. Rhf1 Bf4+ 21. Kb1 Bd2 22. Re7 Bxc3 23. Bxc3 Ne4 24. Bxe4 fxe4 25. Bxg7 {[%emt 0:33:06] White has more active pieces.} (25. Rxg7 $16 e3 26. Kc1) 25... Rhe8 $14 26. Bf6 Rxe7 27. Bxe7 {[%emt 0:00:02][%mdl 4096] Endgame KRB-KRB} Rg8 28. Rf2 h5 29. Kc2 e3 30. Re2 Bf5+ 31. Kc3 Be4 32. h4 Rg3 33. Bc5 Kb7 34. Bxe3 c5 (34... a5 $11 {keeps the balance.}) 35. Kd2 $16 Rxg2 36. Rxg2 Bxg2 37. Bxc5 {[%emt 0:00:03] KB-KB} a6 38. Kc3 Bf3 39. Kb4 Be4 40. Bf2 Bb1 41. a4 Bc2 42. Kc3 Bd1 43. a5 c6 44. b4 Be2 {[%emt 0:00:11] Weighted Error Value: White=0.06 (flawless) /Black=0.08 (flawless)} 1/2-1/2

[Event "1st Serbian League 2022"]
[Site "Vrnjacka Banja"]
[Date "2022.09.21"]
[Round "2.18"]
[White "Omorjan, Dejan"]
[Black "Zlatanovic, Boroljub"]
[Result "1/2-1/2"]
[ECO "E92"]
[WhiteElo "2265"]
[BlackElo "2313"]
[Annotator "TA"]
[PlyCount "81"]
[EventDate "2022.09.20"]
[EventType "team-tourn"]
[EventCountry "SRB"]
[SourceTitle "playchess.com"]
[Source "ChessBase"]
[SourceQuality "1"]
[TimeControl "40/5400+30:1800+30"]

1. d4 Nf6 2. c4 g6 3. Nc3 Bg7 4. e4 d6 5. Be2 O-O 6. Be3 e5 7. Nf3 Nc6 8. d5 Ne7 9. Nd2 Ne8 10. b4 f5 11. f3 {[%emt 0:00:19] E92: King's Indian: Classical: 6 Be2 e5: 7 dxe5, 7 Be3 and Petrosian System without 7...Nbd7.} Kh8 12. c5 {[%emt 0:11:32] White is more active.} (12. O-O $16) 12... fxe4 13. Ndxe4 {[%emt 0:15:02] The position is equal.} Nf5 14. Bg5 {[%emt 0:00:59] [#]} Nf6 $146 ({Predecessor:} 14... Qd7 15. O-O Nd4 16. Bc4 h6 17. Be3 Nf5 18. Bf2 Qe7 19. a4 Bd7 20. Bb5 a6 21. Bxd7 Qxd7 22. cxd6 cxd6 {½-½ (33) Grunert,F (1918)-Heubusch,M (2030) Bayern 2019}) 15. Qd2 a5 16. bxa5 dxc5 17. Rb1 Nd4 18. O-O Rxa5 19. f4 $2 (19. Bxf6 $11 Bxf6 20. Nxf6 Qxf6 21. Ne4 Nxe2+ 22. Qxe2) 19... exf4 $2 (19... Nxe4 $19 20. Nxe4 Qxd5) 20. Rxf4 Bf5 21. Rbf1 Ra3 {[%emt 0:10:38] [#] aiming for ...Nxe4.} 22. g4 $2 (22. Bc4 $11 {and White has nothing to worry.}) 22... Bxe4 $19 23. Nxe4 Nxe4 24. Bxd8 (24. Rxe4 {was worth a try.} Qxd5 25. Rxf8+ Bxf8 26. Re8) 24... Rxf4 25. Qe1 Rxf1+ (25... Rxa2 $2 26. Rxf4 Nxe2+ 27. Kf1 Nxf4 28. Qxe4 Ra1+ 29. Kf2 Bd4+ 30. Kg3 $18) (25... Nxe2+ $19 26. Qxe2 Bd4+ 27. Kg2 Re3) 26. Qxf1 $15 {[%emt 0:00:29] Bd3 is the strong threat.} Rxa2 27. Bd1 Ra1 {[%emt 0:03:23] White must now prevent ...Kg8.} 28. Bxc7 Nc3 {[%emt 0:00:57][%csl LRd1,LRd5] Pair of Knights!} 29. Qf7 $1 Rxd1+ (29... h6 $5 30. Qxg6 (30. Qe8+ $2 Kh7 $19) 30... Rxd1+ 31. Kg2 Rd2+ 32. Kh3 Re2 $17) 30. Kg2 Rd2+ (30... h6 $5 31. Be5 Bxe5 32. Qe8+ Kh7 33. Qxe5 g5 $11) 31. Kf1 Rd1+ 32. Kg2 {[%emt 0:00:07] Qe8+ would kill now.} Rd2+ 33. Kf1 {[%emt 0:00:59] White threatens Qe8+ and mate.} Re2 {[%emt 0:01:30] Against Qe8+} 34. d6 {[%emt 0:00:31] Threatening mate with d7.} Nd1 (34... Nc2 $1 $11 35. Kg1 Re1+ 36. Kg2 Re2+ 37. Kh1 Re1+ 38. Kg2 Re2+ 39. Kh1 Re1+ 40. Kg2) 35. d7 $14 {[%emt 0:00:15] White is slightly better.} Ne3+ 36. Kg1 Re1+ 37. Kf2 Rf1+ (37... Re2+ {is a self mate.} 38. Kg3 Nef5+ 39. Kh3 Ne6 {[#]} 40. Qxe6 $3 Re3+ 41. Bg3 Bf8 42. d8=Q Rxg3+ 43. hxg3 Kg7 44. Qef6+ Kh6 45. Qdxf8+) 38. Kxe3 {[%emt 0:00:09] The board is on fire.} Rxf7 39. d8=Q+ Rf8 40. Qd7 {[%emt 0:01:57][%mdl 1024] White has compensation.} Nc6 41. Bg3 {[%emt 0:03:41] Weighted Error Value: White=0.42/Black=0.31} 1/2-1/2